Map: Ulrena

Players

Nerchio - Winner!

  • Race: Zerg Zerg
  • League: Grandmaster

MarineLorD

  • Race: Terran Terran
  • League: Grandmaster

Event: 2016 WCS Winter Challenger Europe

VOD

Have the link to the VOD?

Description

Time

  • Played on: Feb. 14, 2016, 2:48 p.m.
  • Length: 13:00

All games in this series

Show
View Real Time Build Order
Export as new Build Order

Nerchio Zerg - Winner!

Build Orders: Hatch First 

Get SALT Encoding   

  12  0:00  Drone  
  13  0:12  Overlord  
  13  0:17  Drone  
  14  0:30  Drone x2  
  14  0:34  Drone  
  17  0:54  Hatchery  
  16  0:57  Drone  
  16  1:00  Drone  
  16  1:04  Extractor  
  17  1:17  Spawning Pool  
  16  1:19  Drone  
  16  1:23  Drone  
  18  1:28  Drone  
  19  1:38  Overlord  
  19  1:50  Drone  
  20  2:04  Metabolic Boost, Queen  
  20  2:05  Zergling x2  
  23  2:10  Queen  
  23  2:13  Zergling x2  
  26  2:16  Drone  
  26  2:19  Drone  
  28  2:23  Drone  
  28  2:28  Drone  
  30  2:37  Drone  
  31  2:39  Drone, Queen  
  34  2:46  Overlord  
  34  2:49  Drone  
  34  2:56  Extractor, Queen  
  34  2:58  Overlord  
  36  3:06  Drone x2  
  36  3:12  Zergling x6  
  41  3:13  Zergling x2  
  41  3:18  Drone  
  43  3:22  Drone x3  
  46  3:27  Roach Warren  
  46  3:30  Drone  
  46  3:34  Overlord  
  46  3:50  Hatchery  
  46  3:51  Overlord  
  46  3:55  Drone x3  
  48  4:00  Drone  
  49  4:03  Extractor  
  49  4:07  Drone x2  
  52  4:10  Roach x3  
  52  4:13  Roach  
  52  4:16  Overlord  
  58  4:22  Zergling x2  
  59  4:27  Roach x2  
  59  4:29  Overlord  
  63  4:37  Drone x3, Spore Crawler  
  65  4:45  Drone  
  66  4:46  Overlord  
  66  4:51  Lair  
  66  4:53  Overlord  
  66  4:54  Evolution Chamber  
  65  5:03  Zergling x6  
  65  5:06  Evolution Chamber  
  66  5:08  Zergling x2  
  65  5:15  Drone x3  
  65  5:16  Drone x2  
  65  5:17  Drone x3  
  73  5:22  Extractor  
  73  5:25  Roach x2  
  76  5:29  Ravager x3  
  76  5:31  Roach x3  
  76  5:33  Zergling x2  
  76  5:34  Zergling x2  
  87  5:36  Zergling x2  
  86  5:45  Zergling x6  
  86  5:49  Drone x3, Glial Reconstitution  
  89  5:51  Drone  
  89  5:52  Drone x2  
  89  5:55  Roach  
  94  6:06  Extractor  
  94  6:08  Roach x4  
  94  6:10  Roach  
  92  6:12  Roach  
  92  6:14  Zergling x2  
  84  6:19  Zergling x4  
  82  6:26  Drone x3  
  82  6:27  Drone x2  
  82  6:28  Drone  
  82  6:30  Drone x3  
  82  6:31  Drone x3, Zerg Melee Weapons Level 1  
  94  6:33  Extractor  
  94  6:34  Extractor  
  94  6:35  Queen  
  94  6:39  Drone  
  95  6:41  Drone  
  95  6:42  Drone  
  95  6:43  Evolution Chamber  
  94  6:48  Infestation Pit  
  94  6:50  Drone  
  94  6:52  Drone x2  
  95  7:00  Overseer  
  95  7:04  Roach  
  95  7:05  Overlord x2, Hatchery  
  95  7:07  Overlord  
  96  7:12  Zerg Ground Armor Level 1  
  96  7:16  Queen  
  98  7:25  Infestor, Hive  
  100  7:31  Drone x2  
  100  7:32  Drone  
  100  7:34  Zergling x2  
  100  7:35  Zergling x12  
  110  7:38  Overlord  
  110  7:46  Drone x5  
  110  7:47  Drone, Extractor  
  115  7:53  Infestor  
  117  7:58  Roach  
  117  7:59  Roach x2  
  117  8:02  Roach x2  
  117  8:04  Roach  
  129  8:07  Overlord x3  
  129  8:10  Overlord  
  129  8:27  Extractor  
  128  8:42  Ultralisk Cavern  
  120  8:52  Roach x4  
  120  8:53  Zergling x10, Roach  
  134  8:55  Drone  
  134  8:56  Drone x4  
  134  8:58  Ravager x6  
  134  8:59  Roach x7  
  158  9:03  Roach x2  
  158  9:04  Roach  
  158  9:05  Zerg Melee Weapons Level 2, Ravager x3  
  158  9:08  Overlord x2  
  166  9:17  Zergling x4  
  166  9:20  Zergling x2  
  166  9:21  Zergling x2  
  149  9:25  Zergling x4  
  149  9:26  Zergling x6  
  149  9:28  Zergling x4  
  136  9:32  Chitinous Plating  
  136  9:36  Ultralisk  
  136  9:37  Zergling x2  
  143  9:39  Zergling x2  
  143  9:40  Zergling x2  
  143  9:43  Zergling x6  
  143  9:49  Zergling x4  
  143  9:50  Zergling x4  
  143  9:51  Zergling x2  
  139  9:53  Zergling x8  
  139  10:02  Ultralisk  
  141  10:07  Infestor x2  
  141  10:08  Pathogen Glands  
  141  10:10  Drone  
  146  10:16  Ultralisk  
  152  10:24  Ultralisk  
  152  10:26  Overlord  
  158  10:32  Infestor x2  
  155  10:41  Ultralisk  
  157  10:49  Ultralisk  
  162  10:53  Zergling x18  
  168  11:00  Ultralisk  
  174  11:13  Zergling x14  
  157  11:28  Ultralisk x2  
  157  11:30  Zergling x8  
  159  11:38  Zergling x6  
  152  11:47  Ultralisk  
  148  12:00  Queen x2  
  146  12:01  Spire  
  146  12:05  Hatchery  
  144  12:16  Ultralisk x2  
  162  12:34  Zergling x10  
  162  12:35  Zergling x10  
Show
View Real Time Build Order
Export as new Build Order

MarineLorD Terran 

Build Orders:  

Get SALT Encoding   

  12  0:00  SCV  
  13  0:12  SCV  
  14  0:17  Supply Depot  
  14  0:24  SCV  
  15  0:39  SCV  
  15  0:40  Barracks  
  16  0:45  Refinery  
  16  0:51  SCV  
  17  1:03  SCV  
  18  1:15  SCV  
  19  1:27  Barracks Reactor, Orbital Command  
  19  1:41  Command Center  
  19  1:52  Supply Depot  
  19  1:53  SCV  
  20  2:03  Marine x2  
  20  2:05  SCV  
  23  2:14  Factory  
  23  2:17  SCV  
  23  2:22  Marine x2  
  24  2:29  SCV  
  27  2:32  Refinery  
  27  2:37  Bunker  
  27  2:40  Marine  
  27  2:41  Marine  
  29  2:44  SCV  
  30  2:55  Orbital Command  
  30  2:56  SCV  
  31  3:05  Starport  
  31  3:07  Factory Tech Lab  
  31  3:12  SCV  
  32  3:15  Marine  
  32  3:16  Marine  
  34  3:21  SCV  
  34  3:24  SCV  
  34  3:26  Supply Depot  
  36  3:31  Siege Tank  
  39  3:35  SCV  
  39  3:37  SCV  
  41  3:41  Medivac  
  41  3:44  Marine x2  
  45  3:49  SCV x2  
  45  3:53  Supply Depot  
  47  4:01  SCV x2  
  49  4:03  Siege Tank  
  49  4:05  Marine x2  
  54  4:15  SCV x2  
  56  4:25  Supply Depot  
  56  4:26  Marine x2  
  56  4:27  Supply Depot, SCV x2  
  56  4:29  Liberator  
  60  4:39  SCV x2  
  62  4:46  Marine x2  
  62  4:51  SCV  
  68  4:53  SCV  
  68  4:55  Supply Depot  
  69  5:03  SCV  
  69  5:04  Marine x2  
  69  5:06  Siege Tank  
  75  5:09  Command Center  
  75  5:10  SCV  
  74  5:15  SCV  
  75  5:22  Marine x2  
  75  5:23  SCV, Engineering Bay  
  75  5:24  Engineering Bay  
  75  5:25  Refinery  
  78  5:31  Barracks  
  78  5:32  Barracks  
  78  5:35  SCV  
  79  5:37  SCV  
  79  5:40  Marine x2  
  80  5:47  SCV  
  80  5:48  Siege Tank  
  80  5:49  SCV  
  84  5:53  Terran Infantry Weapons Level 1, Terran Infantry Armor Level 1  
  84  5:59  SCV  
  84  6:01  SCV  
  80  6:11  SCV  
  80  6:13  SCV  
  80  6:15  Marine x2  
  73  6:21  Siege Tank  
  73  6:23  SCV  
  72  6:25  SCV  
  72  6:31  Starport Reactor, Barracks Tech Lab x2  
  69  6:34  Barracks x2  
  69  6:37  Marine x2  
  69  6:38  SCV  
  72  6:40  Refinery  
  72  6:41  Orbital Command  
  72  6:44  SCV  
  73  6:50  SCV  
  74  6:54  Marine x2  
  74  6:56  SCV  
  77  7:02  SCV  
  77  7:03  Marauder x2, Combat Shields, Stimpack  
  77  7:08  SCV  
  83  7:11  Missile Turret  
  83  7:12  Refinery, Orbital Command  
  83  7:13  Refinery  
  83  7:14  Armory, SCV  
  84  7:17  Marine x2  
  84  7:21  SCV, Bunker  
  84  7:22  Barracks Reactor x2  
  87  7:26  SCV  
  87  7:27  Hellion  
  90  7:33  Supply Depot, Medivac  
  90  7:34  Marine x2  
  90  7:35  Marine x2  
  96  7:38  SCV  
  96  7:39  SCV x2  
  99  7:44  Medivac  
  99  7:50  Supply Depot x2  
  101  7:51  Supply Depot  
  101  7:54  Supply Depot  
  101  7:55  Marine x4  
  108  7:58  Factory  
  108  8:01  Supply Depot  
  108  8:02  Marine  
  109  8:07  Terran Infantry Weapons Level 2, Medivac  
  109  8:10  SCV  
  109  8:12  SCV x2  
  111  8:13  Marauder  
  111  8:15  Marine  
  111  8:16  Marauder  
  111  8:17  Siege Tank  
  119  8:20  Marine x3  
  119  8:22  Terran Vehicle Weapons Level 1  
  119  8:23  Marine x2  
  119  8:24  SCV  
  119  8:26  Concussive Shells  
  126  8:32  Supply Depot x2  
  126  8:33  Marine  
  126  8:35  Marauder  
  126  8:36  Marine  
  126  8:37  Marine x2  
  131  8:41  Marine  
  131  8:45  Marine  
  131  8:47  Marine  
  124  8:49  Medivac  
  124  8:50  Siege Tank  
  124  8:51  Marine  
  124  8:55  Marauder, Marine x2  
  132  8:56  Marauder  
  134  9:03  Marine  
  134  9:04  Marine  
  136  9:10  Marine x2  
  136  9:15  Marine  
  136  9:16  Marauder  
  138  9:17  Marauder  
  138  9:22  Siege Tank  
  127  9:25  Marine x2  
  127  9:27  Liberator  
  127  9:29  Marine x2  
  127  9:30  Marine  
  120  9:33  Factory Tech Lab, Marine  
  120  9:37  Command Center  
  120  9:38  Marauder, Marine  
  123  9:41  Terran Infantry Armor Level 2  
  123  9:43  Marine  
  123  9:44  Marine  
  127  9:45  Barracks  
  127  9:47  Barracks  
  127  9:48  Barracks  
  116  9:54  Siege Tank, Liberator  
  116  9:56  Marauder  
  116  9:57  Marine  
  115  10:04  Marine x3  
  117  10:09  Siege Tank  
  117  10:12  Marauder, Ghost Academy, Marine x2  
  117  10:13  Command Center  
  127  10:15  Marine  
  127  10:18  Marauder  
  130  10:26  Siege Tank  
  133  10:33  Command Center  
  133  10:39  Marine  
  133  10:41  Siege Tank  
  135  10:42  Marauder  
  135  10:47  Marauder  
  132  10:50  Marine  
  132  10:54  Marine  
  132  10:57  Marine x7  
  141  11:04  Marauder  
  141  11:08  Marauder, Marine  
  141  11:10  Siege Tank  
  147  11:12  Marine  
  147  11:14  Marine x2  
  147  11:15  Marine x4  
  152  11:22  Marine  
  126  11:25  Marauder  
  126  11:27  Marine  
  126  11:30  Marauder  
  126  11:31  Marine  
  114  11:35  Marine  
  113  11:41  Marine x2  
  113  11:46  Marine  
  113  11:47  Marauder  
  110  11:51  Marauder  
  110  11:53  Marine  
  100  12:04  Barracks Tech Lab x3, Marine x3  
  100  12:05  Siege Tank, Marine x2  
  100  12:08  Marauder  
  110  12:10  Siege Tank  
  110  12:12  Marauder  
  115  12:29  Marauder  
  117  12:30  Marine x2  
  117  12:31  Marine x3  
Tags
 
Add a new tag
Caveats
  • Supply blocks, unpowered buildings, or Contaminate may cause inaccurate times.
  • Supply counts are checked every 10 seconds.